Map: Heavy Artillery LE

Players

Askios

  • Race: Terran Terran
  • Spawn Location: 7:00

Naspix

  • Race: Zerg Zerg
  • Spawn Location: 7:00

Massa - Winner!

  • Race: Terran Terran
  • League: Platinum
  • Spawn Location: 1:00

qqq - Winner!

  • Race: Zerg Zerg
  • Spawn Location: 3:00

VOD

Have the link to the VOD?

Description

Time

  • Played on: Oct. 8, 2020, 4:18 p.m.
  • Length: 9:01
Show
View Real Time Build Order
Export as new Build Order

Askios Terran 

Build Orders:  

Get SALT Encoding   

  12  0:00  SCV  
  13  0:16  Supply Depot  
  13  0:17  SCV  
  14  0:29  SCV  
  15  0:42  Barracks  
  15  0:44  SCV  
  16  0:56  SCV  
  17  1:08  SCV  
  18  1:23  Command Center  
  18  1:36  Supply Depot  
  18  1:37  Orbital Command  
  18  1:40  Marine  
  19  1:49  Refinery  
  19  2:04  Barracks  
  19  2:12  Marine  
  19  2:15  SCV  
  20  2:20  Refinery  
  20  2:27  SCV  
  21  2:37  Refinery  
  21  2:39  SCV  
  21  2:40  Barracks Tech Lab  
  22  2:48  Orbital Command  
  23  2:51  SCV  
  23  2:56  Factory  
  23  3:00  Marine  
  23  3:03  SCV  
  25  3:07  Barracks Reactor  
  25  3:15  SCV  
  25  3:16  SCV  
  27  3:23  Stimpack  
  27  3:27  SCV, Marine  
  27  3:28  SCV  
  30  3:39  SCV  
  30  3:40  SCV  
  32  3:44  Marine  
  32  3:45  Starport, Factory Reactor  
  30  4:02  Marine x3  
  32  4:14  SCV x2  
  34  4:20  Marine x3  
  37  4:26  SCV  
  37  4:27  Hellion x2  
  37  4:28  Starport Reactor  
  42  4:37  Bunker  
  42  4:38  Marine x3  
  45  4:55  Marine  
  46  5:10  Command Center  
  46  5:20  Marine x3  
  46  5:21  Supply Depot  
  47  5:30  Hellion x2  
  47  5:32  Medivac  
  53  5:37  Marine  
  53  5:39  Supply Depot  
  53  5:40  Marine x2, Medivac  
  58  5:44  Supply Depot  
  58  5:46  Barracks  
  58  5:47  SCV  
  58  5:48  SCV  
  60  5:55  Marine  
  61  5:58  Marine x2  
  61  6:02  Supply Depot  
  55  6:07  Supply Depot  
  40  6:13  Marine  
  40  6:16  Marine x2  
  42  6:24  Orbital Command  
  41  6:31  Marine  
  42  6:33  Barracks  
  42  6:34  Marine x2  
  44  6:44  Barracks Reactor  
  44  6:49  Marine  
  44  6:51  Marine x2  
  47  7:06  Marine  
  48  7:09  Marine x2  
  48  7:10  Widow Mine x2  
  53  7:17  Fusion Core  
  53  7:23  Marine x2  
  53  7:24  Marine  
  53  7:26  Orbital Command  
  53  7:27  Marine x2  
  54  7:41  Marine x2  
  54  7:42  Marine  
  57  7:45  Marine x2  
  59  7:51  Starport  
  59  7:53  Liberator  
  59  7:56  Liberator  
  65  7:59  Marine x2  
  65  8:00  Marine  
  65  8:03  SCV x3, Marine x2  
  73  8:16  SCV  
  73  8:17  Marine x2  
  73  8:18  Marine  
  77  8:20  Marine x2  
  77  8:22  Refinery  
  75  8:28  SCV  
  74  8:40  SCV  
Show
View Real Time Build Order
Export as new Build Order

Naspix Zerg 

Build Orders: Hatch First 

Get SALT Encoding   

  12  0:01  Drone  
  13  0:12  Overlord  
  13  0:16  Drone  
  14  0:31  Drone  
  14  0:32  Drone  
  16  0:38  Drone  
  17  0:59  Drone, Extractor  
  17  1:00  Hatchery  
  17  1:03  Drone  
  17  1:11  Drone  
  18  1:19  Spawning Pool  
  18  1:23  Drone  
  18  1:38  Drone  
  19  1:51  Drone x2  
  21  2:05  Drone  
  21  2:08  Metabolic Boost  
  22  2:11  Overlord  
  22  2:21  Queen  
  24  2:23  Hatchery  
  24  2:25  Zergling x2  
  24  2:28  Zergling x2  
  25  2:35  Drone x2  
  27  2:43  Queen  
  29  2:46  Drone  
  29  2:47  Drone  
  31  2:53  Overlord  
  31  2:55  Drone  
  32  3:02  Overlord  
  32  3:07  Zergling x2  
  32  3:10  Overlord  
  33  3:16  Queen  
  33  3:17  Drone  
  36  3:22  Drone  
  37  3:31  Roach Warren  
  36  3:38  Zergling x4  
  36  3:41  Spore Crawler  
  36  3:42  Spore Crawler  
  35  3:56  Zergling x4  
  35  3:57  Zergling x4  
  35  4:00  Zergling x8  
  41  4:05  Spine Crawler  
  40  4:11  Drone x2  
  42  4:20  Zergling x2  
  43  4:28  Zergling x2  
  44  4:33  Drone x3, Baneling Nest  
  44  4:34  Drone, Extractor  
  46  4:41  Drone  
  46  4:42  Drone  
  46  4:43  Drone x3  
  49  5:00  Queen  
  49  5:01  Drone  
  49  5:02  Overlord  
  39  5:27  Zergling x4  
  39  5:28  Zergling x2  
  41  5:30  Queen  
  41  5:33  Roach x3  
  41  5:34  Zergling x4  
  41  5:35  Zergling x2  
  52  5:40  Drone x2  
  54  5:44  Drone x2  
  56  5:53  Drone  
  56  5:54  Drone x2  
  49  6:07  Zergling x4  
  49  6:08  Zergling x6  
  49  6:09  Zergling x2  
  45  6:22  Zergling x2  
  45  6:24  Lair  
  43  6:32  Roach  
  40  6:33  Roach  
  40  6:35  Roach  
  43  6:50  Roach x2  
  40  7:15  Roach x3  
  46  7:29  Roach x4  
  54  7:35  Nydus Network  
  53  7:46  Overlord  
  53  7:56  Pneumatized Carapace  
  53  7:57  Roach  
  53  7:58  Zergling x2  
  53  7:59  Overlord  
  54  8:10  Roach x3  
  60  8:21  Overlord  
  60  8:33  Roach  
  60  8:34  Roach x2  
Show
View Real Time Build Order
Export as new Build Order

Massa Terran - Winner!

Build Orders: 1/1/1, Liberator Opening 

Get SALT Encoding   

  12  0:01  SCV  
  13  0:13  SCV  
  14  0:24  Supply Depot  
  14  0:26  Refinery  
  14  0:28  SCV  
  15  0:45  SCV  
  15  0:46  Barracks  
  16  0:57  SCV  
  17  1:09  SCV  
  18  1:18  Refinery  
  18  1:21  SCV  
  19  1:34  SCV, Factory, Marine  
  21  1:49  Orbital Command  
  21  1:54  Marine  
  22  2:11  Marine  
  23  2:18  Starport  
  23  2:27  Supply Depot  
  23  2:49  SCV, Hellion  
  26  2:51  Supply Depot  
  26  3:00  Barracks Reactor, Medivac  
  26  3:01  SCV  
  29  3:10  Hellion  
  29  3:12  Command Center  
  31  3:22  Supply Depot  
  31  3:32  Hellion  
  36  3:37  Marine  
  36  3:38  Marine  
  32  3:55  Marine  
  32  3:56  Liberator  
  32  4:01  Hellion  
  38  4:09  Supply Depot x2  
  38  4:10  SCV  
  39  4:22  SCV, Marine x2  
  42  4:34  SCV  
  43  4:39  Marine x2  
  43  4:40  Engineering Bay  
  45  4:46  SCV  
  45  4:51  Factory Tech Lab  
  46  4:57  Marine x2  
  46  5:15  Marine  
  36  5:31  Marine  
  36  5:33  Orbital Command, Marine  
  36  5:34  SCV  
  39  5:39  Barracks  
  39  5:40  Siege Tank  
  42  5:45  Barracks  
  42  5:46  SCV  
  42  5:48  Marine  
  42  5:49  Missile Turret  
  44  5:51  Marine  
  44  5:54  Terran Infantry Weapons Level 1, Command Center  
  45  5:58  SCV  
  46  6:10  SCV  
  47  6:12  Siege Tank  
  50  6:22  SCV  
  50  6:23  Marine x2  
  53  6:27  Barracks Tech Lab  
  53  6:34  SCV  
  54  6:40  SCV  
  54  6:41  Marine x2  
  54  6:44  Siege Tank  
  54  6:46  SCV  
  61  6:52  SCV  
  62  6:58  SCV  
  62  6:59  Marine x2  
  65  7:05  SCV  
  65  7:10  SCV  
  66  7:16  Marine  
  66  7:17  SCV  
  63  7:22  Medivac  
  68  7:23  SCV  
  68  7:29  SCV  
  72  7:31  Refinery  
  72  7:33  Refinery  
  66  7:52  Medivac  
  68  7:59  Barracks Tech Lab  
  68  8:00  Marauder, Marine  
  68  8:01  Marine  
  72  8:16  SCV  
  72  8:17  SCV  
  72  8:18  Marine  
  72  8:19  Marine  
  76  8:21  Marauder  
  78  8:28  SCV  
  78  8:29  SCV  
  80  8:36  Marine x2  
  80  8:40  SCV  
  84  8:41  SCV  
Show
View Real Time Build Order
Export as new Build Order

qqq Zerg - Winner!

Build Orders: Hatch First 

Get SALT Encoding   

  12  0:04  Drone  
  13  0:09  Drone  
  14  0:36  Hatchery  
  14  0:42  Overlord  
  13  0:45  Drone  
  13  0:47  Extractor  
  13  0:53  Drone  
  14  1:04  Drone  
  14  1:07  Drone  
  16  1:18  Drone  
  17  1:34  Drone  
  17  1:35  Spawning Pool  
  17  1:37  Drone  
  18  1:47  Drone  
  19  2:00  Hatchery  
  18  2:06  Drone  
  18  2:07  Drone  
  20  2:09  Drone  
  21  2:17  Overlord  
  21  2:21  Zergling x2  
  22  2:26  Metabolic Boost  
  22  2:31  Zergling x2  
  22  2:33  Zergling x2  
  22  2:36  Zergling x2  
  25  2:43  Queen  
  27  2:47  Drone  
  27  2:51  Drone  
  29  2:53  Zergling x2  
  29  2:58  Zergling x2  
  31  3:04  Queen  
  33  3:10  Overlord  
  33  3:14  Zergling x2  
  33  3:15  Zergling x2  
  33  3:17  Zergling x2  
  36  3:20  Zergling x2  
  36  3:24  Zergling x2  
  36  3:25  Zergling x2  
  39  3:29  Drone  
  40  3:34  Zergling x2  
  40  3:35  Drone  
  40  3:37  Drone  
  42  3:51  Zergling x2  
  42  3:52  Zergling x6  
  46  3:56  Zergling x2  
  46  3:57  Zergling x2  
  48  4:08  Zergling x2  
  48  4:09  Zergling x2  
  50  4:10  Overlord x2  
  50  4:11  Overlord  
  49  4:33  Drone  
  49  4:34  Zergling x2, Baneling Nest  
  49  4:35  Zergling x4  
  49  4:36  Drone, Zergling x4  
  55  4:39  Drone x4  
  59  4:53  Zergling x6  
  59  4:54  Drone x2  
  64  5:02  Zergling x2  
  64  5:03  Drone x2  
  67  5:27  Zergling x8  
  71  5:28  Baneling  
  71  5:29  Baneling x8  
  71  5:30  Baneling x5  
  71  5:31  Drone x3  
  74  5:47  Overlord  
  74  5:48  Hatchery  
  73  5:50  Lair  
  73  6:00  Hatchery  
  56  6:31  Zergling x2  
  56  6:32  Drone x2, Zergling x4  
  61  6:33  Drone x5  
  59  6:48  Drone x2, Zergling x2  
  62  7:08  Drone x5  
  65  7:09  Zergling x4  
  69  7:17  Drone, Roach Warren, Spore Crawler, Hydralisk Den  
  64  7:30  Hatchery, Zergling x8  
  64  7:31  Drone x3, Hatchery  
  64  7:32  Drone x4  
  64  7:33  Drone  
  64  7:34  Hatchery  
  72  7:38  Hatchery x2  
  70  7:46  Zergling x4  
  70  7:47  Zergling x6  
  70  7:48  Zergling x8  
  70  7:50  Baneling x2  
  70  7:51  Baneling x6  
  79  7:52  Baneling x4  
  79  7:53  Baneling  
  79  7:54  Baneling x2  
  79  8:00  Extractor, Drone x2  
  79  8:01  Drone x2, Extractor  
  79  8:03  Zergling x4  
  83  8:15  Drone x2  
  83  8:16  Drone x3, Overlord x3  
  83  8:18  Zergling x2  
  89  8:20  Baneling x3  
  89  8:27  Baneling  
  89  8:33  Extractor  
Tags
 
Add a new tag
Caveats
  • Supply blocks, unpowered buildings, or Contaminate may cause inaccurate times.
  • Supply counts are checked every 10 seconds.